 Dungeon Crawl Stone Soup version 0.29-a0-483-g69413ace17 (webtiles) character file.

Game seed: 1383690027006446260

312 bande the Covered (level 6, -6/38 HPs)
             Began as a Gargoyle Fighter on May 26, 2022.
             Mangled by an ogre
             ... wielding a +0 giant spiked club
              (27 damage)
             ... on level 4 of the Dungeon.
             The game lasted 00:06:06 (4128 turns).

bande the Covered (Gargoyle Fighter)                Turns: 4128, Time: 00:06:06

Health: -6/38      AC: 14    Str: 20    XL:     6   Next: 42%
Magic:  6/6        EV:  9    Int:  8    God:
Gold:   227        SH:  4    Dex: 11    Spells: 5/5 levels left

rFire   . . .      SeeInvis +   a - +0 war axe
rCold   . . .      Faith    .   c - +0 buckler
rNeg    + . .      Spirit   .   b - +0 scale mail
rPois   ∞          Reflect  .   i - +2 helmet {SInv}
rElec   +          Harm     .   (no cloak)
rCorr   .          Rampage  .   (no gloves)
Will    .....                   (no boots)
Stlth   ..........              (no amulet)
HPRegen 0.12/turn               (no ring)
MPRegen 0.10/turn               (no ring)

@: no status effects
A: sickness immunity, AC +4, negative energy resistance 1, electricity
resistance, torment resistance 1, petrification resistance
a: no special abilities


You were on level 4 of the Dungeon.
You visited 1 branch of the dungeon, and saw 4 of its levels.

You collected 227 gold pieces.

Inventory:

Hand Weapons
 a - a +0 war axe (weapon)
 s - a +0 flail
Armour
 b - a +0 scale mail (worn)
 c - a +0 buckler (worn)
 i - a +2 helmet of see invisible (worn)
Jewellery
 r - a ring of wizardry
Wands
 k - a wand of iceblast (8)
Scrolls
 f - 3 scrolls of teleportation {unknown}
 g - 3 scrolls of identify {unknown}
 l - a scroll of summoning {unknown}
 o - a scroll of enchant weapon {unknown}
 p - a scroll of fear {unknown}
 q - a scroll of fog {unknown}
Potions
 d - 2 potions of might
 e - a potion of haste {unknown}
 h - 2 potions of berserk rage {unknown}
 j - 4 potions of curing {unknown}
 m - a potion of degeneration {unknown}
 n - a potion of attraction {unknown}


   Skills:
 + Level 4.2 Fighting
 + Level 3.7 Axes
 + Level 4.7 Armour
 + Level 3.8 Shields
 * Level 2.0 Evocations


You had 5 spell levels left.
You didn't know any spells.
Your spell library contained the following spells:

 Spells                   Type           Power      Damage    Failure   Level
 Necrotize                Necr           0%         1d4       83%         1
 Vampiric Draining        Necr           0%         2d6       99%         3
 Agony                    Necr           0%         N/A       100%        5


Dungeon Overview and Level Annotations

Branches:
Dungeon (4/15)
 Temple: D:4-7

Altars:

Shops:
D:1 [(


Innate Abilities, Weirdness & Mutations

You are immune to sickness and miasma.
Your stone body is resilient. (AC +4)
You are immune to poison.
You resist negative energy. (rN+)
You are resistant to electric shocks. (rElec)
You are resistant to unholy torment.
You are immune to petrification.


Message History

You barely miss the ball python.
The ball python bites you but does no damage.
The ball python grabs you. The ball python constricts you.
The ball python bites you. The ball python constricts you.
You slash the ball python!
You kill the ball python!
No target in view!
No target in view!
No target in view!
There is an open door here.
A hound comes into view.
The hound barks!
You hear a shout!
A hound is nearby!
The hound misses you.
You hit the hound but do no damage. The hound closely misses you.
The hound bites you but does no damage.
You hit the hound.
The hound is moderately wounded.
The hound bites you but does no damage.
An ogre comes into view. It is wielding a +0 giant spiked club.
The hound bites you but does no damage.
You barely miss the hound.
The hound is moderately wounded.
The hound misses you. The hound bites you but does no damage.
You hit the hound.
The hound is heavily wounded.
The hound barely misses you. The hound closely misses you.
You hit the hound.
The hound is severely wounded.
The hound bites you but does no damage. The hound bites you.
You slash the hound!
You kill the hound!
Your Evocations skill increases to level 2!
You barely miss the ogre.
The ogre hits you with a +0 giant spiked club!
You slash the ogre!
The ogre is heavily wounded.
The ogre hits you with a +0 giant spiked club!!
Ouch! That really hurt!
You die...

#####
....####################
........................
....############@..#####
'##### #O..# .....#
#...# ...#.# ......
.#.#.# ....... .#.#.#
.......... .#.#.#####
..........
.#.#.....#####..........
.+............


You could see an ogre.

Vanquished Creatures
  A hound (D:4)
  A jelly (D:4)
  Jessica (D:2)
  Terence (D:2)
  An orc wizard (D:3)
  3 gnolls (D:2)
  8 adders
  A dart slug (D:2)
  4 orcs (D:3)
  7 endoplasms
  4 giant cockroaches
  7 goblins
  6 hobgoblins
  2 jackals (D:2)
  4 quokkas
  7 ball pythons
  2 bats
  4 frilled lizards
  A kobold (D:1)
  5 rats
70 creatures vanquished.

Vanquished Creatures (others)
  4 toadstools (D:1)
4 creatures vanquished.

Grand Total: 74 creatures vanquished

Notes
Turn   | Place    | Note
-------+----------+-------------------------------------------
     0 | D:1      | bande the Gargoyle Fighter began the quest for the Orb.
     0 | D:1      | Reached XP level 1. HP: 14/14 MP: 1/1
   129 | D:1      | Found Baimugim's Antique Weapon Shop.
   258 | D:1      | Reached XP level 2. HP: 13/19 MP: 2/2
   479 | D:1      | Found Qaz Pext's Antique Armour Emporium.
   544 | D:1      | Found a faded altar of an unknown god.
  1203 | D:2      | Reached XP level 3. HP: 23/23 MP: 3/3
  1300 | D:2      | Noticed Terence
  1308 | D:2      | Killed Terence
  1594 | D:3      | Reached XP level 4. HP: 29/29 MP: 4/4
  1811 | D:3      | Reached skill level 1 in Evocations
  2283 | D:3      | Reached XP level 5. HP: 33/33 MP: 5/5
  2708 | D:2      | Noticed Jessica
  2723 | D:2      | Killed Jessica
  2950 | D:2      | Reached XP level 6. HP: 6/38 MP: 6/6
  4128 | D:4      | Mangled by an ogre

Illustrated notes

Levels and vault maps discovered:
D:1:      ldierk_water_garden, layout_loops_ring,
          ebering_ecumenical_altar_sacrificial, serial_shops,
          nicolae_shop_waterfront, nicolae_shop_statue_plus
D:2:      layout_loops_ring, uniq_terence, uniq_jessica
D:3:      layout_rooms
D:4:      layout_basic, uniq_duvessa, uniq_ijyb

Skill      XL: |  1  2  3  4  5  6 |
---------------+-------------------+-----
Axes           | 2 3 |  3.7
Armour         | 4 |  4.7
Fighting       | 4 |  4.2
Evocations     | 1 2 |  2.0
Shields        | |  3.8

Action                   |  1- 3 |  4- 6 || total
-------------------------+-------+-------++-------
Melee: War axe           |    87 |   146 ||   233
Armor: Scale mail        |    48 |   115 ||   163
Dodge: Dodged            |    39 |    87 ||   126
Block: Buckler           |    13 |    29 ||    42

Table legend: (Time is in decaauts)
 A = Elapsed time spent in this place.
 B = Non-inter-level travel time spent in this place.
 C = Inter-level travel time spent in this place.
 D = Time resting spent in this place.
 E = Time spent auto-exploring this place.
 F = Levels seen in this place.
 G = Mean time per level.
                   A        B        C        D        E       F      G
               +--------+--------+--------+--------+--------+-----+--------+
         Total |   4228 |   4168 |     60 |    866 |   2373 |   4 | 1057.0 |
       Dungeon |   4228 |   4168 |     60 |    866 |   2373 |   4 | 1057.0 |
               +--------+--------+--------+--------+--------+-----+--------+

Top non-repeatable levels by time:
     D:2: 1579 daAuts
     D:3: 1177 daAuts
     D:1: 1167 daAuts
     D:4: 303 daAuts
